[Event "Titled Tuesday Blitz April 11 Late 2023"]
[White "Weetik, Vjacheslav"]
[Black "Mendonca, Leon Luke"]
[WhiteFideId "4153472"]
[BlackFideId "35028561"]
[WhiteElo "2469"]
[BlackElo "2464"]
[Result "1-0"]
[Round "10"]
[TimeControl "180+2"]
[Date "2023.04.11"]
[WhiteClock "0:00:05"]
[BlackClock "0:00:02"]

1. d4 Nf6 2. c4 e6 3. g3 c5 4. d5 exd5 5. cxd5 d6 6. Nc3 g6 7. Nf3 Bg7 8. Bg2 O-O 9. O-O Re8 10. Bf4 a6 11. a4 h6 12. Qb3 g5 13. Bc1 Nbd7 14. Nd2 Rb8 15. Nc4 Ne5 16. Nxe5 Rxe5 17. e4 g4 18. Bf4 Re8 19. Rfe1 Nh5 20. Bd2 b6 21. Ne2 Kh7 22. Nf4 Nxf4 23. gxf4 b5 24. e5 Bf5 25. axb5 axb5 26. Be4 Bxe4 27. Rxe4 dxe5 28. Ra7 Qf6 29. d6 exf4 30. Rxf7 Qg6 31. Ree7 Rxe7 32. Rxe7 c4 33. Qd1 f3 34. Bf4 Rd8 35. Bg3 Kg8 36. h3 gxh3 37. Kh2 Bf6 38. Qd5+ Kh8 39. Qe6 1-0


[Site "https://www.chess.com"]

[Event "Titled Tuesday Blitz April 11 Late 2023"]
[White "Korchmar, Vasiliy"]
[Black "Baskakov, Egor"]
[WhiteFideId "24131750"]
[BlackFideId "24197866"]
[WhiteElo "2370"]
[BlackElo "2212"]
[Result "0-1"]
[Round "10"]
[TimeControl "180+2"]
[Date "2023.04.11"]
[WhiteClock "0:00:46"]
[BlackClock "0:01:07"]

1. e4 c5 2. Nf3 Nf6 3. e5 Nd5 4. Nc3 e6 5. Nxd5 exd5 6. d4 Nc6 7. dxc5 Bxc5 8. Bd3 d6 9. exd6 O-O 10. O-O Qxd6 11. c3 h6 12. Be3 Bxe3 13. fxe3 Bg4 14. Qd2 Bxf3 15. Rxf3 Ne5 16. Rf4 Rfe8 17. Rd4 Rad8 18. c4 Qc5 19. cxd5 g6 20. Rc1 Qb6 21. Be2 Rc8 22. d6 Rxc1+ 23. Qxc1 Nc6 24. Rd3 Qa5 25. a3 Qe5 26. Qc3 Qf5 27. Qd4 Nxd4 0-1


[Site "https://www.chess.com"]

[Event "Titled Tuesday Blitz April 11 Late 2023"]
[White "Manukyan, Sargis A."]
[Black "Mekhitarian, Krikor Sevag"]
[WhiteFideId "13303970"]
[BlackFideId "2107660"]
[WhiteElo "2187"]
[BlackElo "2604"]
[Result "0-1"]
[Round "10"]
[TimeControl "180+2"]
[Date "2023.04.11"]
[WhiteClock "0:00:17"]
[BlackClock "0:00:08"]

1. d4 Nf6 2. c4 g6 3. Nc3 d5 4. Bf4 Bg7 5. e3 O-O 6. Rc1 c6 7. h3 Be6 8. Nf3 dxc4 9. Ng5 Bd5 10. Nf3 b5 11. Be2 Nbd7 12. O-O Nb6 13. Nd2 a6 14. e4 Be6 15. Be3 Nfd7 16. b3 f5 17. bxc4 f4 18. Bxf4 Rxf4 19. d5 cxd5 20. cxd5 Bf7 21. g3 Rf6 22. f4 Rc8 23. e5 Nxe5 24. fxe5 Rxf1+ 25. Nxf1 Bxe5 26. Ne4 Rxc1 27. Qxc1 Qxd5 28. Ng5 Qd4+ 29. Kg2 Bd5+ 30. Nf3 Nc4 31. Bxc4 Qxc4 32. Qxc4 bxc4 33. Ne3 Bxf3+ 34. Kxf3 c3 35. g4 Kf7 36. Ke4 Bg7 37. Nc2 Kf6 38. Nb4 Kg5 39. Kd3 a5 40. Nc6 a4 41. Nxe7 Kh4 42. Nd5 Kxh3 43. g5 Kg4 44. Nb6 a3 45. Nc4 Bf8 46. Kxc3 Kxg5 47. Kd3 Kf4 48. Ne3 h5 49. Nd5+ Ke5 50. Nc3 g5 51. Ke3 g4 52. Ne4 Bh6+ 53. Kd3 h4 54. Nf2 Kf5 55. Ke2 Bf8 56. Nd3 Bd6 57. Kf1 h3 58. Kg1 g3 59. Ne1 Kg4 60. Kf1 Bb4 61. Nd3 g2+ 62. Kf2 Bd6 63. Kg1 Bc7 64. Nf2+ Kh4 65. Ne4 Bb6+ 66. Nf2 Bxf2+ 67. Kxf2 Kg4 68. Kg1 Kf3 69. Kh2 Kf2 70. Kxh3 g1=Q 71. Kh4 0-1


[Site "https://www.chess.com"]

[Event "Titled Tuesday Blitz April 11 Late 2023"]
[White "Goltsev, Dmitry"]
[Black "Manelyuk, Daniil"]
[WhiteFideId "24176710"]
[BlackFideId "44173920"]
[WhiteElo "2336"]
[BlackElo "2259"]
[Result "0-1"]
[Round "10"]
[TimeControl "180+2"]
[Date "2023.04.11"]
[WhiteClock "0:00:03"]
[BlackClock "0:00:25"]

1. e4 e6 2. d4 d5 3. exd5 exd5 4. Nf3 c6 5. c4 Bb4+ 6. Nc3 Ne7 7. Bd3 O-O 8. O-O Nd7 9. Bg5 f6 10. Bh4 Bd6 11. Re1 Bc7 12. Rc1 Nb6 13. c5 Nd7 14. Bg3 Bxg3 15. hxg3 Ng6 16. Qc2 Kf7 17. Re2 Re8 18. Rce1 Rxe2 19. Nxe2 Ndf8 20. b4 Bg4 21. Nc3 Qd7 22. b5 Ne6 23. Bf5 Bxf5 24. Qxf5 Nxc5 25. Qh5 Ne6 26. Qf5 Nef8 27. Qh5 Re8 28. Rb1 Ne6 29. a4 a6 30. bxa6 bxa6 31. Qf5 Nc5 32. Qxd7+ Nxd7 33. Rb7 Ke6 34. Ra7 Kd6 35. Rxa6 Rb8 36. a5 Ne7 37. Ne1 Rb3 38. Na4 Ra3 39. Nb2 Nf5 40. Nf3 Ra2 41. Nd3 Ra4 42. Nf4 Nxd4 43. Nxd4 Rxd4 44. Ra8 Ra4 45. a6 c5 46. a7 c4 47. Ne2 Nb6 48. Rd8+ Kc5 49. Rg8 Rxa7 50. Nf4 d4 0-1


[Site "https://www.chess.com"]

[Event "Titled Tuesday Blitz April 11 Late 2023"]
[White "Manzone, Alessandro"]
[Black "Riehle, Marco"]
[WhiteFideId "112488"]
[BlackFideId "12904392"]
[WhiteElo "2255"]
[BlackElo "2462"]
[Result "0-1"]
[Round "10"]
[TimeControl "180+2"]
[Date "2023.04.11"]
[WhiteClock "0:00:05"]
[BlackClock "0:01:09"]

1. d4 d5 2. c4 e6 3. Nc3 c5 4. cxd5 cxd4 5. Qa4+ Bd7 6. Qxd4 exd5 7. Nf3 Nc6 8. Qxd5 Nf6 9. Qb3 Bc5 10. e3 Qe7 11. Be2 O-O-O 12. O-O g5 13. Rd1 g4 14. Nd4 Kb8 15. Qc2 h5 16. Nf5 Qe5 17. Na4 Bb4 18. Nd4 h4 19. Bd2 Bd6 20. f4 Nxd4 21. fxe5 Nxc2 22. exd6 Nxa1 23. Nc5 Nc2 24. Bc3 Rh6 25. Rf1 Nd5 26. Be5 f6 27. Nxd7+ Rxd7 28. Bxg4 Rd8 29. d7+ fxe5 0-1


[Site "https://www.chess.com"]

[Event "Titled Tuesday Blitz April 11 Late 2023"]
[White "Kushko, Dmitriy"]
[Black "Martinez Reyes, Pedro Ramon"]
[WhiteFideId "14162261"]
[BlackFideId "3901807"]
[WhiteElo "2230"]
[BlackElo "2340"]
[Result "1-0"]
[Round "10"]
[TimeControl "180+2"]
[Date "2023.04.11"]
[WhiteClock "0:01:44"]
[BlackClock "0:01:12"]

1. g3 Nf6 2. Bg2 c5 3. c4 Nc6 4. Nc3 g6 5. b3 Bg7 6. Bb2 O-O 7. d3 d6 8. Qd2 Bd7 9. h4 a6 10. Nd5 e6 11. Nxf6+ Bxf6 12. Nf3 h5 13. O-O Rb8 14. d4 cxd4 15. Nxd4 Nxd4 16. Bxd4 e5 17. Bc3 Bc6 18. Rfd1 Be7 19. Bb4 Bxg2 20. Kxg2 Qb6 21. Bxd6 Rbd8 22. c5 Qc6+ 23. Qd5 Bxd6 24. Qxc6 bxc6 25. cxd6 1-0


[Site "https://www.chess.com"]

[Event "Titled Tuesday Blitz April 11 Late 2023"]
[White "Mortazavi, Ali"]
[Black "Martinez Ramirez, Lennis"]
[WhiteFideId "401323"]
[BlackFideId "3509079"]
[WhiteElo "2339"]
[BlackElo "2410"]
[Result "0-1"]
[Round "10"]
[TimeControl "180+2"]
[Date "2023.04.11"]
[WhiteClock "0:00:02"]
[BlackClock "0:00:29"]

1. Nf3 d5 2. g3 c6 3. Bg2 Nf6 4. O-O Bf5 5. d3 h6 6. c4 e6 7. Be3 Nbd7 8. Qb3 Qc8 9. Nc3 Bc5 10. Bxc5 Nxc5 11. Qa3 Ncd7 12. cxd5 exd5 13. e4 dxe4 14. dxe4 Bh7 15. e5 Ng8 16. Rfe1 Nf8 17. Nd4 Ne6 18. Ndb5 cxb5 19. Nxb5 Qc5 20. Nd6+ Kf8 21. Qf3 Qc7 22. Rac1 Qe7 23. Nc8 Qb4 24. a3 Qxb2 25. Qd5 g5 26. Rcd1 Kg7 27. Nd6 Ne7 28. Qf3 f5 29. Rb1 Qd2 30. Rxb7 Qxe1+ 31. Bf1 Rhe8 32. Qh5 Bg6 33. Qf3 Qxe5 34. Nc4 Qe4 35. Qc3+ Nd4 36. Nd6 Qe5 37. Nc4 Ne2+ 38. Bxe2 Qxc3 0-1


[Site "https://www.chess.com"]

[Event "Titled Tuesday Blitz April 11 Late 2023"]
[White "Kosteniuk, Alexandra"]
[Black "Dobre, Claudiu-Cristian"]
[WhiteFideId "4128125"]
[BlackFideId "1211854"]
[WhiteElo "2453"]
[BlackElo "2207"]
[Result "1-0"]
[Round "10"]
[TimeControl "180+2"]
[Date "2023.04.11"]
[WhiteClock "0:00:49"]
[BlackClock "0:00:01"]

1. e4 e5 2. Nf3 Nf6 3. Nc3 Nc6 4. a4 a6 5. Bc4 Nxe4 6. Nxe4 d5 7. Bd3 dxe4 8. Bxe4 Bd6 9. O-O O-O 10. Re1 Re8 11. h3 Be6 12. d3 f6 13. Nh4 Qd7 14. Qh5 g6 15. Nxg6 hxg6 16. Bxg6 Red8 17. Re3 e4 18. Rxe4 Bf8 19. Rh4 Bg7 20. b3 Ne5 21. Qh7+ Kf8 22. Ba3+ Qd6 23. Bxd6+ cxd6 24. f4 Nxg6 25. Qxg6 Bf7 26. Qf5 Re8 27. Rf1 Rad8 28. Qg4 Re7 29. f5 Bd5 30. Qd4 Bc6 31. Rg4 Re5 32. Rg6 Kf7 33. Qg4 Bf8 34. Qh4 Ke8 1-0


[Site "https://www.chess.com"]

[Event "Titled Tuesday Blitz April 11 Late 2023"]
[White "Dilmukhametov, Artur"]
[Black "Pakleza, Zbigniew"]
[WhiteFideId "24179922"]
[BlackFideId "1119290"]
[WhiteElo "2199"]
[BlackElo "2410"]
[Result "0-1"]
[Round "10"]
[TimeControl "180+2"]
[Date "2023.04.11"]
[WhiteClock "0:02:20"]
[BlackClock "0:02:11"]

1. e4 d6 2. f4 Nf6 3. Nc3 d5 4. exd5 Nxd5 5. Nxd5 Qxd5 6. Nf3 Bg4 7. Be2 Nc6 8. O-O e6 9. c3 Be7 10. d4 O-O 11. Qb3 Na5 12. Qxd5 exd5 13. Bd3 f6 14. h3 Bd7 15. Re1 Rfe8 16. Bd2 Nc4 17. Bxc4 dxc4 18. Kf2 Kf7 19. b3 Be6 0-1


[Site "https://www.chess.com"]

[Event "Titled Tuesday Blitz April 11 Late 2023"]
[White "Anton Guijarro, David"]
[Black "Kavutskiy, Konstantin"]
[WhiteFideId "2285525"]
[BlackFideId "2026384"]
[WhiteElo "2618"]
[BlackElo "2323"]
[Result "1-0"]
[Round "10"]
[TimeControl "180+2"]
[Date "2023.04.11"]
[WhiteClock "0:00:36"]
[BlackClock "0:00:22"]

1. Nf3 Nf6 2. b3 g6 3. Bb2 Bg7 4. g3 O-O 5. Bg2 d6 6. d4 a5 7. Nc3 d5 8. O-O c6 9. Ne5 Bf5 10. f3 Nbd7 11. e4 Be6 12. Nxd7 Qxd7 13. e5 Ne8 14. Na4 Qc7 15. f4 h5 16. Rc1 Bg4 17. Qd2 Bh6 18. c4 Qd8 19. cxd5 cxd5 20. Nc3 Be6 21. a4 h4 22. Nb5 Ng7 23. Nc7 Rc8 24. Nxe6 Nxe6 25. Rxc8 Qxc8 26. Bxd5 Rd8 27. Bg2 hxg3 28. hxg3 Nc5 29. Qe3 Na6 30. Rc1 Qg4 31. Ba3 Bf8 32. Bxb7 Nb4 33. Bxb4 axb4 34. a5 g5 35. a6 gxf4 36. Qxf4 Qd7 37. d5 Qb5 38. Rf1 Qb6+ 39. Kg2 f6 40. d6 Bg7 41. Qf5 Qc5 42. Qe6+ Kh8 43. Rh1+ 1-0


[Site "https://www.chess.com"]

[Event "Titled Tuesday Blitz April 11 Late 2023"]
[White "Gharibyan, Mamikon"]
[Black "Di Berardino, Diego Rafael"]
[WhiteFideId "13308300"]
[BlackFideId "2105446"]
[WhiteElo "2445"]
[BlackElo "2432"]
[Result "1-0"]
[Round "10"]
[TimeControl "180+2"]
[Date "2023.04.11"]
[WhiteClock "0:00:30"]
[BlackClock "0:00:03"]

1. e4 Nf6 2. Nc3 d5 3. e5 d4 4. exf6 dxc3 5. bxc3 exf6 6. d4 Bd6 7. Bd3 O-O 8. Qf3 Re8+ 9. Ne2 c6 10. O-O Qc7 11. Ng3 g6 12. Qxf6 Nd7 13. Qh4 Nf8 14. Ne4 Be7 15. Nf6+ Bxf6 16. Qxf6 Qe7 17. Qf3 Qh4 18. h3 Be6 19. Bf4 Bd5 20. Qg3 Qxg3 21. Bxg3 b5 22. a4 a6 23. Rfe1 Rxe1+ 24. Rxe1 Ne6 25. Ra1 h5 26. h4 Kg7 27. Bd6 Kg8 28. f3 Kg7 29. Kf2 f6 30. g4 hxg4 31. fxg4 Kf7 32. h5 gxh5 33. gxh5 Ng5 34. Bg6+ Ke6 35. Bf4 Ne4+ 36. Ke3 Nxc3 37. axb5 cxb5 38. h6 a5 39. h7 a4 40. Kd2 b4 41. Re1+ Kd7 42. Bf5+ Kc6 43. Bh6 a3 44. Bg7 a2 45. Ra1 Kb5 46. h8=Q Rxh8 47. Bxh8 Nb1+ 48. Kc1 Kc4 49. Bxf6 Kc3 50. Rxb1 axb1=Q+ 51. Kxb1 b3 52. cxb3 Kxb3 53. Kc1 Kc3 54. Kd1 1-0


[Site "https://www.chess.com"]

[Event "Titled Tuesday Blitz April 11 Late 2023"]
[White "Vlassov, Nikolai"]
[Black "Averjanov, Alexey"]
[WhiteFideId "4103360"]
[BlackFideId "14109867"]
[WhiteElo "2324"]
[BlackElo "2399"]
[Result "0-1"]
[Round "10"]
[TimeControl "180+2"]
[Date "2023.04.11"]
[WhiteClock "0:00:41"]
[BlackClock "0:00:43"]

1. e4 c6 2. d4 d5 3. e5 Bf5 4. Nc3 e6 5. g4 Bg6 6. Nge2 c5 7. Be3 cxd4 8. Nxd4 Ne7 9. f4 h5 10. f5 exf5 11. gxf5 Nxf5 12. Bb5+ Nd7 13. e6 fxe6 14. Nxe6 Nxe3 15. Qe2 Qh4+ 16. Kd2 d4 17. Bxd7+ Kxd7 18. Nxf8+ Rhxf8 19. Qb5+ Kc8 20. Qc5+ Kd7 21. Qb5+ Ke6 22. Qb3+ Kf6 23. Raf1+ Nxf1+ 24. Rxf1+ Kg5 25. Rg1+ Kh6 26. Ne2 Rae8 0-1


[Site "https://www.chess.com"]

[Event "Titled Tuesday Blitz April 11 Late 2023"]
[White "Hasangatin, Ramil"]
[Black "Rastbod, Ali"]
[WhiteFideId "4122160"]
[BlackFideId "12567477"]
[WhiteElo "2275"]
[BlackElo "2248"]
[Result "1-0"]
[Round "10"]
[TimeControl "180+2"]
[Date "2023.04.11"]
[WhiteClock "0:00:50"]
[BlackClock "0:01:30"]

1. e4 e6 2. d3 d5 3. Qe2 Nf6 4. g3 dxe4 5. dxe4 e5 6. Nf3 Nc6 7. Bg2 Bc5 8. c3 a5 9. O-O O-O 10. Nh4 Qe7 11. Nd2 a4 12. Nf5 Qe8 13. Qf3 Ne7 14. Nc4 b5 15. Nxe5 Bb7 16. Nxg7 1-0


[Site "https://www.chess.com"]

[Event "Titled Tuesday Blitz April 11 Late 2023"]
[White "Coenen, Michael"]
[Black "Barp, Alberto"]
[WhiteFideId "4697367"]
[BlackFideId "872555"]
[WhiteElo "2328"]
[BlackElo "2313"]
[Result "1/2-1/2"]
[Round "10"]
[TimeControl "180+2"]
[Date "2023.04.11"]
[WhiteClock "0:00:12"]
[BlackClock "0:00:04"]

1. Nf3 d5 2. e3 Nf6 3. c4 e6 4. b3 b6 5. Bb2 Bb7 6. Nc3 Nbd7 7. d4 a6 8. Bd3 Bd6 9. O-O O-O 10. Rc1 Ne4 11. Bb1 f5 12. Ne2 Qe7 13. Ne5 Nxe5 14. dxe5 Bc5 15. cxd5 Bxd5 16. Nf4 Rad8 17. Qe2 Bb7 18. Rfd1 Qf7 19. a3 a5 20. b4 axb4 21. axb4 Bxb4 22. Qc4 Bc5 23. Nxe6 Rxd1+ 24. Rxd1 Nxf2 25. Kxf2 f4 26. Ba2 fxe3+ 27. Ke2 Bf3+ 28. gxf3 Qxf3+ 29. Kd3 Qxd1+ 30. Kc3 Qd2+ 31. Kb3 Qd1+ 32. Kc3 Qe1+ 33. Kb3 Qd1+ 34. Kc3 1/2-1/2


[Site "https://www.chess.com"]

[Event "Titled Tuesday Blitz April 11 Late 2023"]
[White "Oro, Faustino"]
[Black "Janaszak, Dawid"]
[WhiteFideId "20000197"]
[BlackFideId "1119206"]
[WhiteElo "1984"]
[BlackElo "2220"]
[Result "0-1"]
[Round "10"]
[TimeControl "180+2"]
[Date "2023.04.11"]
[WhiteClock "0:00:02"]
[BlackClock "0:00:06"]

1. Nf3 g6 2. e4 c5 3. d4 cxd4 4. Qxd4 Nf6 5. Nc3 Nc6 6. Qa4 d6 7. e5 dxe5 8. Nxe5 Bd7 9. Nxd7 Qxd7 10. Be3 Bg7 11. Rd1 Qc8 12. Be2 O-O 13. O-O a6 14. Qb3 b5 15. a4 Na5 16. Qb4 Nc4 17. Bc1 Nd6 18. axb5 axb5 19. Bf4 Qf5 20. Bxd6 exd6 21. Nxb5 Qxc2 22. Rd2 Qe4 23. Qxd6 Rab8 24. Nc3 Qb4 25. Qd3 Rfe8 26. Bf3 h5 27. h3 Nh7 28. Bd5 Qb6 29. Ba2 Rb7 30. Nd5 Qa7 31. b4 Kh8 32. Bc4 Ng5 33. Ra2 Qb8 34. h4 Ne6 35. Re2 Rd8 36. Qb1 Nd4 37. Re4 Qc8 38. Ba2 Qf5 39. Rfe1 Kh7 40. R4e3 Nc2 41. Rf3 Qc8 42. Rc3 Bxc3 43. Rc1 Na3 44. Qb3 Qe6 45. Rxc3 Nb5 46. Re3 Qf5 47. Rf3 Qe5 48. Nf6+ Kh8 49. Nd5 Nd4 0-1


[Site "https://www.chess.com"]

[Event "Titled Tuesday Blitz April 11 Late 2023"]
[White "Nazari, Arad"]
[Black "Shapiro, Viktor"]
[WhiteFideId "12577324"]
[BlackFideId "4175700"]
[WhiteElo "2242"]
[BlackElo "2152"]
[Result "0-1"]
[Round "10"]
[TimeControl "180+2"]
[Date "2023.04.11"]
[WhiteClock "0:02:00"]
[BlackClock "0:02:32"]

1. e4 Nf6 2. e5 Nd5 3. d4 d6 4. c4 Nb6 5. f4 dxe5 6. fxe5 c5 7. d5 g6 8. Nf3 Bg4 9. Bf4 Bg7 10. Be2 O-O 11. O-O e6 12. Nc3 N8d7 13. Rc1 Bxf3 14. Bxf3 Nxc4 15. dxe6 fxe6 0-1


[Site "https://www.chess.com"]

[Event "Titled Tuesday Blitz April 11 Late 2023"]
[White "De La Colina, Nicolas"]
[Black "Chos, Alexey"]
[WhiteFideId "30946921"]
[BlackFideId "14117762"]
[WhiteElo "2046"]
[BlackElo "2234"]
[Result "0-1"]
[Round "10"]
[TimeControl "180+2"]
[Date "2023.04.11"]
[WhiteClock "0:00:01"]
[BlackClock "0:00:05"]

1. e4 c6 2. Nf3 d5 3. Nc3 Bg4 4. h3 Bxf3 5. Qxf3 e6 6. Be2 Nd7 7. O-O Bb4 8. Nb1 Ngf6 9. exd5 cxd5 10. c3 Bd6 11. d4 O-O 12. Bg5 e5 13. dxe5 Nxe5 14. Qf5 Qd7 15. Qxd7 Nexd7 16. Nd2 h6 17. Be3 Bc5 18. Bf4 Rfe8 19. Rfe1 a6 20. Bf3 g5 21. Bg3 h5 22. Nb3 Bb6 23. Rad1 Rxe1+ 24. Rxe1 g4 25. hxg4 hxg4 26. Bd1 Ne4 27. Nd4 Ndf6 28. Bh4 Kg7 29. Bb3 g3 30. fxg3 Kg6 31. Bxf6 Nxf6 32. Re7 Bc5 33. Bc2+ Kg7 34. Rxb7 Re8 35. Kf1 Ng4 36. Bb3 Kg6 37. Bc2+ Kg7 38. Bb3 Re5 39. Rc7 Bd6 40. Rd7 Bc5 41. Rc7 Bd6 42. Rc6 Be7 43. Bc2 Ne3+ 44. Kf2 Bf6 45. Bb3 Ng4+ 46. Kf3 Nh2+ 47. Kf4 Re4+ 48. Kf5 Nf1 49. Bxd5 Nxg3# 0-1


[Site "https://www.chess.com"]

[Event "Titled Tuesday Blitz April 11 Late 2023"]
[White "Urazayev, Arystanbek"]
[Black "Goroshkov, Maksym"]
[WhiteFideId "13709810"]
[BlackFideId "14142716"]
[WhiteElo "2449"]
[BlackElo "2322"]
[Result "0-1"]
[Round "10"]
[TimeControl "180+2"]
[Date "2023.04.11"]
[WhiteClock "0:00:03"]
[BlackClock "0:00:07"]

1. c4 Nf6 2. Nc3 e5 3. Nf3 Nc6 4. e3 Bb4 5. Qc2 O-O 6. Nd5 Be7 7. Ng5 g6 8. h4 d6 9. a3 Bf5 10. Bd3 Bxd3 11. Qxd3 Nxd5 12. cxd5 Nb8 13. b4 Nd7 14. Bb2 Bxg5 15. hxg5 Qxg5 16. Kf1 f5 17. Rc1 Rac8 18. f4 exf4 19. Qd4 Qf6 20. exf4 Qxd4 21. Bxd4 c5 22. dxc6 Rxc6 23. Ke2 Rfc8 24. Rxc6 bxc6 25. Kd3 c5 26. Rc1 Kf7 27. bxc5 Nxc5+ 28. Bxc5 dxc5 29. Kc4 Rd8 30. Rh1 h5 31. Rd1 Rd4+ 32. Kxc5 Rxf4 33. d4 Rf2 34. g3 Rf3 35. Rg1 Rxa3 36. Kd6 Ra6+ 37. Ke5 Ra4 38. Rb1 g5 39. Rb7+ Kg6 40. d5 Re4+ 41. Kd6 f4 42. gxf4 Rxf4 43. Ke5 Rf1 44. d6 Re1+ 45. Kd5 Rd1+ 46. Ke6 h4 47. Rb8 Kh5 48. d7 h3 49. Kf5 Rd5+ 50. Ke6 Rxd7 51. Kxd7 Kg4 52. Rb4+ Kg3 53. Rb3+ Kg2 54. Rb2+ Kg3 55. Rb3+ Kh4 56. Ke6 h2 57. Rb8 Kg3 58. Rb3+ Kg4 59. Rb1 Kf3 60. Rb3+ Kg4 61. Rb1 Kg3 62. Kf5 g4 63. Rb3+ Kh4 64. Rb8 Kh3 0-1


[Site "https://www.chess.com"]

[Event "Titled Tuesday Blitz April 11 Late 2023"]
[White "Tanenbaum, Zachary"]
[Black "Novik, Maxim"]
[WhiteFideId "2060850"]
[BlackFideId "4102924"]
[WhiteElo "2175"]
[BlackElo "2287"]
[Result "1-0"]
[Round "10"]
[TimeControl "180+2"]
[Date "2023.04.11"]
[WhiteClock "0:00:13"]
[BlackClock "0:00:02"]

1. e4 c6 2. d4 d5 3. exd5 cxd5 4. Bd3 Nc6 5. c3 Nf6 6. Bf4 Bg4 7. Qb3 Qd7 8. Nd2 e6 9. Ngf3 Bd6 10. Bxd6 Qxd6 11. O-O O-O 12. Rfe1 Bxf3 13. Nxf3 Qc7 14. Qc2 Rae8 15. Ne5 g6 16. f4 Nd7 17. Qf2 Re7 18. Qh4 f6 19. Nxd7 Qxd7 20. Re3 Kg7 21. Rh3 Kg8 22. Re1 Nd8 23. Qh6 f5 24. Ree3 Rg7 25. Qh4 Nf7 26. Re1 Nd6 27. Rhe3 Ne4 28. g4 Qd6 29. Qh6 g5 30. fxg5 f4 31. Bxe4 fxe3 32. Bf5 Re8 33. Rxe3 Qf4 34. Rxe6 Qc1+ 35. Kg2 Qxb2+ 36. Kg3 Qxc3+ 37. Kh4 Rxe6 38. Bxe6+ Kf8 39. Qf6+ Ke8 40. Qxg7 Qe1+ 41. Kh5 Qxe6 42. Qh8+ Kd7 43. Qxh7+ Ke8 44. Qg6+ Ke7 45. Qxe6+ Kxe6 46. g6 a5 47. Kh6 a4 48. g7 a3 49. g8=Q+ 1-0


[Site "https://www.chess.com"]

[Event "Titled Tuesday Blitz April 11 Late 2023"]
[White "Silva, Caio Henrique Angelico"]
[Black "Bilych, Olexiy"]
[WhiteFideId "22777210"]
[BlackFideId "14156504"]
[WhiteElo "2096"]
[BlackElo "2320"]
[Result "0-1"]
[Round "10"]
[TimeControl "180+2"]
[Date "2023.04.11"]
[WhiteClock "0:00:07"]
[BlackClock "0:00:28"]

1. Nf3 b6 2. g3 Bb7 3. Bg2 g6 4. O-O Bg7 5. d4 e6 6. c4 Ne7 7. b3 d6 8. Bb2 O-O 9. Nc3 Nd7 10. e4 h6 11. Re1 g5 12. h4 g4 13. Nh2 h5 14. Qd2 Ng6 15. Rad1 e5 16. d5 Nf6 17. Rf1 Bc8 18. b4 a5 19. a3 Bd7 20. Qe3 Kh7 21. Bc1 axb4 22. axb4 Ra1 23. Bd2 Rxd1 24. Rxd1 Qa8 25. c5 bxc5 26. bxc5 Rb8 27. c6 Bc8 28. Bf1 Qa3 29. Nb5 Qa4 30. Nxc7 Qxd1 31. Qa7 Rb1 32. Be3 Nxe4 33. Ne8 Qxd5 34. c7 Qc6 35. Nxg7 Nc3 36. f3 Kxg7 37. Qb8 Qb7 38. Qxb7 Rxb7 39. fxg4 hxg4 40. Ba6 Rxc7 41. Bxc8 Rxc8 42. Nxg4 f5 43. Bh6+ Kh7 0-1


[Site "https://www.chess.com"]

[Event "Titled Tuesday Blitz April 11 Late 2023"]
[White "Tomaszewski, Kacper"]
[Black "Adewumi, Tanitoluwa"]
[WhiteFideId "1127373"]
[BlackFideId "30966396"]
[WhiteElo "2211"]
[BlackElo "2283"]
[Result "0-1"]
[Round "10"]
[TimeControl "180+2"]
[Date "2023.04.11"]
[WhiteClock "0:00:33"]
[BlackClock "0:01:11"]

1. c4 e5 2. e3 d5 3. cxd5 Qxd5 4. Nc3 Qd8 5. Nf3 Nc6 6. Bb5 Bd6 7. d4 exd4 8. Nxd4 Bd7 9. Nxc6 bxc6 10. Be2 Nf6 11. Bf3 O-O 12. O-O Qe7 13. b3 Qe5 14. g3 Qxc3 15. Bd2 Qd3 16. Rc1 Rad8 17. Ba5 Qa6 18. b4 Bh3 19. Re1 Bxb4 20. Bxb4 Rxd1 21. Rexd1 Rb8 22. Rxc6 Qxa2 23. Rxc7 h6 24. Bc3 Ng4 25. Be1 Ne5 26. Be4 Qa4 27. Rd4 Qa1 0-1


[Site "https://www.chess.com"]

[Event "Titled Tuesday Blitz April 11 Late 2023"]
[White "Hadzovic, Amir"]
[Black "Sieciechowicz, Marcin"]
[WhiteFideId "14402300"]
[BlackFideId "1130170"]
[WhiteElo "2294"]
[BlackElo "2302"]
[Result "0-1"]
[Round "10"]
[TimeControl "180+2"]
[Date "2023.04.11"]
[WhiteClock "0:00:02"]
[BlackClock "0:00:05"]

1. e4 c5 2. Nc3 d6 3. f4 g6 4. Nf3 Bg7 5. Bc4 Nc6 6. O-O Nf6 7. d3 O-O 8. Qe1 Nd4 9. Nxd4 cxd4 10. Nd5 Nxd5 11. Bxd5 e6 12. Bb3 a5 13. a4 Kh8 14. e5 Qc7 15. Qh4 Bd7 16. Bd2 dxe5 17. fxe5 Qxe5 18. Rae1 Qh5 19. Qxh5 gxh5 20. Rf3 b5 21. axb5 Bxb5 22. Rh3 a4 23. Ba2 Rac8 24. Bb1 e5 25. Rxh5 f5 26. Rf1 Bd7 27. Bb4 Rfe8 28. c3 Rb8 29. Ba3 Bf6 30. Ba2 f4 31. Bf7 Bg4 32. Bxe8 Rxe8 33. Rh6 Bg7 34. Ra6 Be2 35. Re1 Bxd3 36. cxd4 Bxa6 37. dxe5 Rxe5 38. Rxe5 Bxe5 39. Kf2 Bb7 40. g3 Bd4+ 41. Kf1 f3 42. Bb4 Ba6+ 0-1


[Site "https://www.chess.com"]

[Event "Titled Tuesday Blitz April 11 Late 2023"]
[White "Mamedov, Edgar"]
[Black "Estrada Nieto, Julian"]
[WhiteFideId "13739980"]
[BlackFideId "5101018"]
[WhiteElo "2330"]
[BlackElo "2161"]
[Result "1-0"]
[Round "10"]
[TimeControl "180+2"]
[Date "2023.04.11"]
[WhiteClock "0:00:02"]
[BlackClock "0:00:01"]

1. d4 d5 2. Nf3 Nf6 3. Bf4 c5 4. e3 Nc6 5. Nbd2 cxd4 6. exd4 Qb6 7. Nb3 Bf5 8. Bd3 Bxd3 9. Qxd3 e6 10. O-O Be7 11. a4 a6 12. a5 Qb5 13. Qxb5 axb5 14. Ne5 Nxe5 15. Bxe5 O-O 16. c3 Nd7 17. Bg3 b4 18. cxb4 Bxb4 19. Rfc1 Rfc8 20. Kf1 Rc4 21. Ke2 f6 22. Kd3 Rac8 23. Bf4 e5 24. Be3 e4+ 25. Ke2 Kf7 26. Rxc4 Rxc4 27. Kd1 Nb8 28. Bd2 Nc6 29. Rc1 Bxd2 30. Rxc4 dxc4 31. Nxd2 Nxa5 32. Nxe4 Ke6 33. Nc3 Nb3 34. d5+ Ke5 35. Ke2 Nd4+ 36. Ke3 Nf5+ 37. Kd2 Nd6 38. Ke3 Nf5+ 39. Kd2 Kd4 40. Ne2+ Kxd5 41. Kc3 Kc5 42. Nf4 Nd4 43. Nh5 Ne6 44. Ng3 b5 45. Ne4+ Kc6 46. Kb4 Nc7 47. Nc3 Kb6 48. Ne4 Na6+ 49. Ka3 Ka5 50. b3 b4+ 51. Kb2 c3+ 52. Kc2 Kb5 53. Nd6+ Kc5 54. Ne8 Kd4 55. Nxg7 Nc5 56. Nf5+ Ke5 57. Ne7 Ne4 58. Nc6+ Kd6 59. Nxb4 Nxf2 60. Kxc3 Ng4 61. h4 Ne3 62. g3 Nf5 63. g4 Nxh4 64. Nc2 Nf3 65. Nd4 Ne5 66. Nf5+ Kd5 67. b4 Nxg4 68. Ne7+ Ke4 69. b5 Ne5 70. b6 Nd7 71. b7 f5 72. Nc6 f4 73. Kd2 f3 74. Ke1 Ke3 75. Ne5 Nxe5 76. b8=Q f2+ 77. Kf1 1-0


[Site "https://www.chess.com"]

[Event "Titled Tuesday Blitz April 11 Late 2023"]
[White "Mendez Fortes, Eduardo Jesus"]
[Black "Senthilkumar, Pranav"]
[WhiteFideId "3502376"]
[BlackFideId "2083477"]
[WhiteElo "2307"]
[BlackElo "1860"]
[Result "1-0"]
[Round "10"]
[TimeControl "180+2"]
[Date "2023.04.11"]
[WhiteClock "0:00:39"]
[BlackClock "0:00:53"]

1. e4 c5 2. Nf3 e6 3. d4 cxd4 4. Nxd4 Nc6 5. Nc3 Qc7 6. Be3 a6 7. Qd2 Nf6 8. O-O-O Be7 9. f3 b5 10. g4 Bb7 11. g5 Nh5 12. Kb1 Rc8 13. Nxc6 Bxc6 14. Ne2 O-O 15. Ng3 Nxg3 16. hxg3 Qxg3 17. Rh3 Qe5 18. Bf4 Qc5 19. Qh2 h6 20. gxh6 g6 21. Be5 Kh7 22. Bd4 Qb4 23. c3 Qa4 24. Rc1 f6 25. e5 f5 26. Bd3 b4 27. b3 Qa5 28. c4 Qc7 29. Rg1 Rg8 30. Rhg3 g5 31. f4 g4 32. Rxg4 Rxg4 33. Rxg4 Bf8 34. Qh5 1-0


[Site "https://www.chess.com"]